 Dungeon Crawl Stone Soup version 0.29-a0-676-ga64570c9d2 (webtiles) character file.

Game seed: 1065477108082803318

67 wilfster70 the Digger (level 4, -1/24 HPs)
             Began as a Gargoyle Earth Elementalist on June 25, 2022.
             Slain by Sigmund
             ... wielding a +0 scythe of protection
              (15 damage)
             ... on level 2 of the Dungeon.
             The game lasted 00:05:15 (1756 turns).

wilfster70 the Digger (Gargoyle Earth Elementalist) Turns: 1756, Time: 00:05:15

Health: -1/24      AC:  5    Str: 11    XL:     4   Next: 18%
Magic:  4/8        EV: 11    Int: 18    God:
Gold:   97         SH:  0    Dex: 10    Spells: 5/9 levels left

rFire   . . .      SeeInvis .   b - +0 hunting sling
rCold   . . .      Faith    .   (no shield)
rNeg    + . .      Spirit   .   f - +0 robe
rPois   ∞          Reflect  .   (no helmet)
rElec   +          Harm     .   (no cloak)
rCorr   .          Rampage  .   (no gloves)
Will    .....                   (no boots)
Stlth   ++........              (no amulet)
HPRegen 0.08/turn               (no ring)
MPRegen 0.11/turn               (no ring)

@: no status effects
A: sickness immunity, AC +3, negative energy resistance 1, electricity
resistance, torment resistance 1, petrification resistance
a: no special abilities


You were on level 2 of the Dungeon.
You visited 1 branch of the dungeon, and saw 2 of its levels.

You collected 97 gold pieces.

Inventory:

Hand Weapons
 a - a +0 war axe of freezing
 b - a +0 hunting sling (weapon)
Armour
 f - a +0 robe (worn)
Scrolls
 h - a scroll of enchant armour {unknown}
 j - a scroll of amnesia {unknown}
Potions
 c - a potion of might
 d - a potion of curing {unknown}
 e - a potion of invisibility {unknown}
 g - 2 potions of flight {unknown}
 i - a potion of mutation {unknown}
 k - a potion of magic


   Skills:
 - Level 1.5 Dodging
 - Level 2.1 Stealth
 + Level 3.1 Spellcasting
 - Level 0.7 Transmutations
 + Level 4.9 Earth Magic


You had 5 spell levels left.
You knew the following spells:

 Your Spells              Type           Power      Damage    Failure   Level
a - Sandblast             Erth           40%        2d10      2%          1
b - Stone Arrow           Conj/Erth      22%        3d8       17%         3

Your spell library contained the following spells:

 Spells                   Type           Power      Damage    Failure   Level
 Passwall                 Tmut/Erth      10%        N/A       8%          2
 Petrify                  Tmut/Erth      13%        N/A       45%         4


Dungeon Overview and Level Annotations

Branches:
Dungeon (2/15)

Altars:

Annotations:
D:2 Sigmund


Innate Abilities, Weirdness & Mutations

You are immune to sickness and miasma.
Your stone body is resilient. (AC +3)
You are immune to poison.
You resist negative energy. (rN+)
You are resistant to electric shocks. (rElec)
You are resistant to unholy torment.
You are immune to petrification.


Message History

You're too confused to cast spells.
Sigmund casts a spell at you. The puff of flame hits you.
Sigmund points at you and mumbles some strange words.
You resist with some effort. Sigmund attacks as you move away!
Sigmund barely misses you.
You feel less confused.
Casting: Sandblast (safe; 2% risk of failure)
Confirm with . or Enter, or press ? or * to list all spells.
Aiming: Sandblast (safe; 2% risk of failure)
Press: ? - help, Shift-Dir - straight line, f/p - Sigmund
Aim: Sigmund, wielding a +0 scythe of protection and wearing a +2 robe of positive energy (strong, 78% to hit)
The blast of sand hits Sigmund but does no damage.
Sigmund barely misses you.
Sigmund hits you from afar with a +0 scythe of protection.
Casting: Sandblast (safe; 2% risk of failure)
Confirm with . or Enter, or press ? or * to list all spells.
Aiming: Sandblast (safe; 2% risk of failure)
Press: ? - help, Shift-Dir - straight line, f/p - Sigmund
Aim: Sigmund, wielding a +0 scythe of protection and wearing a +2 robe of positive energy (strong, 78% to hit)
The blast of sand hits Sigmund but does no damage.
Sigmund barely misses you.
Casting: Sandblast (safe; 2% risk of failure)
Confirm with . or Enter, or press ? or * to list all spells.
Aiming: Sandblast (safe; 2% risk of failure)
Press: ? - help, Shift-Dir - straight line, f/p - Sigmund
Aim: Sigmund, wielding a +0 scythe of protection and wearing a +2 robe of positive energy (strong, 78% to hit)
The blast of sand hits Sigmund but does no damage.
Sigmund completely misses you.
Casting: Sandblast (safe; 2% risk of failure)
Confirm with . or Enter, or press ? or * to list all spells.
Aiming: Sandblast (safe; 2% risk of failure)
Press: ? - help, Shift-Dir - straight line, f/p - Sigmund
Aim: Sigmund, wielding a +0 scythe of protection and wearing a +2 robe of positive energy (strong, 78% to hit)
The blast of sand hits Sigmund but does no damage.
Sigmund looks at you with fury. Sigmund barely misses you.
Sigmund hits you from afar with a +0 scythe of protection!
Ouch! That really hurt!
You die...

#.# #.. #.# #.#
#+# #.# #.# #.#
#.# #.####.#
#.####......####
#........@.@...#
#..............#
##.............#
#.............#
##
#)............#
.##
##(†..........#
..#
##...........#
..#
#...........#
..#
#...........#


You could see Sigmund (strong).

Vanquished Creatures
  3 adders (D:2)
  6 ball pythons
  2 bats (D:1)
  3 endoplasms
  2 goblins (D:1)
  2 hobgoblins
  6 jackals (D:1)
  3 kobolds (D:1)
  3 quokkas
  5 rats
35 creatures vanquished.

Vanquished Creatures (others)
  2 fungi (D:1)
  A plant (D:1)
3 creatures vanquished.

Grand Total: 38 creatures vanquished

Notes
Turn   | Place    | Note
-------+----------+-------------------------------------------
     0 | D:1      | wilfster70 the Gargoyle Earth Elementalist began the quest
                  | for the Orb.
     0 | D:1      | Reached XP level 1. HP: 10/10 MP: 3/3
   153 | D:1      | Reached XP level 2. HP: 14/15 MP: 1/5
   166 | D:1      | Reached skill level 4 in Earth Magic
   491 | D:1      | Found a faded altar of an unknown god.
   763 | D:1      | Reached XP level 3. HP: 17/19 MP: 4/6
   767 | D:1      | Learned a level 3 spell: Stone Arrow
  1679 | D:2      | Reached XP level 4. HP: 24/24 MP: 4/8
  1737 | D:2      | Noticed Sigmund
  1756 | D:2      | Slain by Sigmund

Illustrated notes

Levels and vault maps discovered:
D:1:      lightli_arrival_flooded_house, layout_loops_ring,
          dreamdust_ecumenical_altar_grove, nicolae_figureground_pulse
D:2:      layout_basic, uniq_sigmund

Skill      XL: |  1  2  3 |
---------------+----------+-----
Earth Magic    | 4 |  4.9
Spellcasting   | 3 |  3.1
Dodging        | |  1.5
Stealth        | |  2.1
Transmutations | |  0.7

Action                   |  1- 3 |  4- 6 || total
-------------------------+-------+-------++-------
Melee: Unarmed           |    12 |       ||    12
       War axe           |    23 |       ||    23
       Punch             |     1 |       ||     1
 Fire: Hunting sling     |     4 |       ||     4
 Cast: Sandblast         |    33 |     7 ||    40
 Stab: Sleeping          |     1 |       ||     1
Armor: Robe              |    25 |     1 ||    26
Dodge: Dodged            |    31 |     7 ||    38

Table legend: (Time is in decaauts)
 A = Elapsed time spent in this place.
 B = Non-inter-level travel time spent in this place.
 C = Inter-level travel time spent in this place.
 D = Time resting spent in this place.
 E = Time spent auto-exploring this place.
 F = Levels seen in this place.
 G = Mean time per level.
                   A        B        C        D        E       F      G
               +--------+--------+--------+--------+--------+-----+--------+
         Total |   1807 |   1767 |     40 |    447 |    752 |   2 |  903.5 |
       Dungeon |   1807 |   1767 |     40 |    447 |    752 |   2 |  903.5 |
               +--------+--------+--------+--------+--------+-----+--------+

Top non-repeatable levels by time:
     D:1: 1281 daAuts
     D:2: 526 daAuts
